Map: Jagannatha LE

Players

Jurgiz - Winner!

  • Race: Protoss Protoss
  • League: Silver
  • Spawn Location: 1:00

rottenorange

  • Race: Zerg Zerg
  • League: Gold
  • Spawn Location: 7:00

VOD

Have the link to the VOD?

Description

Time

  • Played on: Oct. 11, 2020, 7:22 a.m.
  • Length: 12:52
Show
View Real Time Build Order
Export as new Build Order

Jurgiz Protoss - Winner!

Build Orders: Phoenix Opening 

Get SALT Encoding   

  12  0:00  Probe  
  13  0:12  Probe  
  14  0:18  Pylon  
  14  0:24  Probe  
  15  0:36  Probe (Chrono Boost)  
  15  0:39  Gateway  
  16  0:49  Probe (Chrono Boost)  
  17  0:53  Assimilator  
  17  0:54  Probe (Chrono Boost)  
  18  1:03  Probe (Chrono Boost)  
  19  1:15  Probe (Chrono Boost)  
  20  1:22  Probe (Chrono Boost)  
  21  1:26  Cybernetics Core  
  21  1:29  Probe  
  22  1:41  Probe  
  22  1:53  Probe  
  23  2:00  Warp Gate (Chrono Boost)  
  23  2:05  Nexus  
  23  2:07  Pylon  
  23  2:17  Pylon  
  23  2:25  Stalker, Probe  
  26  2:31  Assimilator  
  26  2:37  Probe  
  27  2:49  Stargate, Probe  
  28  3:01  Probe  
  29  3:21  Gateway  
  29  3:22  Gateway  
  29  3:24  Gateway  
  29  3:26  Probe (Chrono Boost), Pylon  
  31  3:30  Probe (Chrono Boost)  
  31  3:36  Phoenix (Chrono Boost), Probe (Chrono Boost)  
  31  3:40  Probe (Chrono Boost)  
  35  3:41  Probe (Chrono Boost)  
  35  3:45  Stalker  
  38  3:50  Probe  
  39  3:59  Probe  
  40  4:04  Assimilator  
  40  4:06  Assimilator  
  40  4:11  Probe (Chrono Boost)  
  42  4:19  Stalker  
  42  4:20  Stalker, Probe (Chrono Boost)  
  42  4:21  Sentry  
  42  4:23  Sentry, Probe (Chrono Boost)  
  51  4:28  Probe (Chrono Boost)  
  51  4:29  Probe (Chrono Boost)  
  51  4:30  Pylon  
  54  4:39  Probe (Chrono Boost)  
  54  4:40  Probe (Chrono Boost)  
  55  4:51  Probe (Chrono Boost)  
  55  4:52  Zealot  
  59  4:54  Probe (Chrono Boost)  
  59  4:56  Probe (Chrono Boost), Pylon  
  60  5:01  Probe  
  61  5:12  Gateway  
  61  5:13  Gateway, Probe  
  62  5:15  Pylon  
  62  5:18  Pylon  
  62  5:22  Sentry x3  
  62  5:23  Sentry  
  62  5:26  Probe  
  71  5:32  Forge  
  71  5:33  Forge  
  71  5:36  Twilight Council  
  71  5:38  Probe  
  72  5:47  Stalker x2  
  72  5:48  Stalker  
  78  5:59  Protoss Ground Armor Level 1 (Chrono Boost)  
  78  6:01  Stalker  
  80  6:07  Protoss Ground Weapons Level 1 (Chrono Boost)  
  80  6:24  Stalker x3  
  80  6:25  Stalker x2  
  90  6:28  Robotics Facility  
  90  6:39  Probe  
  91  6:45  Stalker  
  93  6:52  Charge (Chrono Boost)  
  93  7:00  Pylon  
  93  7:07  Pylon  
  93  7:09  Nexus  
  93  7:10  Pylon  
  93  7:22  Zealot x3  
  97  7:23  Zealot  
  97  7:28  Pylon  
  101  7:30  Pylon  
  101  7:36  Assimilator  
  93  7:41  Assimilator  
  79  8:07  Stalker x6  
  91  8:15  Observer  
  92  8:27  Immortal  
  92  8:28  Protoss Ground Armor Level 2 (Chrono Boost), Protoss Ground Weapons Level 2 (Chrono Boost)  
  96  8:47  Stalker  
  98  8:49  Zealot x5  
  108  9:06  Observer  
  109  9:11  Zealot x6  
  121  9:21  Pylon  
  121  9:24  Nexus, Pylon  
  121  9:26  Pylon  
  120  9:54  Immortal (Chrono Boost)  
  124  10:00  Zealot x2  
  124  10:01  Zealot x3  
  124  10:02  Sentry  
  136  10:11  Nexus  
  136  10:13  Pylon  
  136  10:21  Stalker  
  138  10:29  Zealot x2  
  138  10:30  Zealot x2  
  145  11:02  Stalker x3  
  145  11:03  Stalker x3  
  88  12:00  Stalker x2  
  88  12:01  Stalker x4  
  74  12:19  Probe  
  73  12:31  Probe  
Show
View Real Time Build Order
Export as new Build Order

rottenorange Zerg 

Build Orders: Hatch First 

Get SALT Encoding   

  12  0:00  Drone  
  13  0:13  Overlord  
  13  0:18  Drone  
  14  0:32  Drone x2  
  16  0:51  Hatchery  
  15  1:04  Drone  
  15  1:10  Extractor  
  15  1:15  Drone  
  15  1:16  Spawning Pool  
  15  1:26  Drone  
  15  1:27  Drone x2  
  18  1:39  Drone  
  19  1:51  Drone  
  20  2:03  Queen  
  20  2:04  Queen  
  24  2:09  Zergling x4  
  26  2:25  Overlord x2  
  26  2:29  Metabolic Boost  
  26  2:35  Drone x2  
  28  2:48  Queen  
  28  2:50  Drone x2  
  31  3:34  Drone x12  
  43  3:53  Drone  
  43  3:54  Overlord  
  44  4:00  Hatchery  
  43  4:02  Lair  
  43  4:04  Drone  
  44  4:10  Extractor  
  44  4:13  Roach Warren  
  42  4:23  Zergling x6  
  45  4:29  Spine Crawler  
  45  4:30  Spore Crawler, Spine Crawler x2  
  41  4:32  Spore Crawler  
  40  4:40  Drone x5  
  40  4:41  Drone  
  46  4:54  Roach  
  46  4:55  Roach x2  
  52  5:20  Pneumatized Carapace  
  53  5:21  Roach x3  
  57  5:45  Overlord x6  
  57  5:46  Overlord  
  57  6:03  Queen  
  59  6:08  Roach x6  
  59  6:09  Roach x5  
  81  6:16  Evolution Chamber  
  80  6:19  Evolution Chamber, Hydralisk Den  
  80  6:21  Extractor  
  80  6:25  Extractor  
  75  6:27  Roach  
  75  6:28  Roach x4  
  85  6:42  Queen  
  87  6:54  Hydralisk x3  
  87  7:01  Hatchery  
  92  7:23  Drone x4  
  92  7:24  Drone x2  
  92  7:27  Zerg Ground Armor Level 1, Zerg Missile Weapons Level 1  
  92  7:29  Hydralisk  
  71  7:52  Roach x4  
  71  7:53  Roach x4  
  87  8:04  Hydralisk x2  
  91  8:16  Glial Reconstitution  
  91  8:26  Grooved Spines  
  91  8:30  Drone x7  
  91  8:32  Roach  
  91  8:33  Roach x2  
  104  8:49  Hydralisk  
  104  8:50  Hydralisk x3  
  112  9:02  Drone x4  
  116  9:03  Drone  
  116  9:04  Drone  
  116  9:05  Drone x2  
  116  9:08  Overlord x2  
  120  9:24  Overseer x3  
  120  9:28  Overseer  
  119  9:45  Hydralisk  
  119  9:46  Hydralisk x3  
  127  10:10  Overlord  
  127  10:11  Overlord x6  
  127  10:34  Hydralisk x6  
  141  10:35  Roach  
  141  10:36  Roach  
  124  11:15  Hydralisk x3  
  124  11:16  Roach  
  124  11:17  Roach x11  
  80  12:01  Drone x4  
  80  12:02  Drone  
  80  12:04  Hydralisk  
  80  12:05  Hydralisk x5  
  56  12:17  Roach x4  
  56  12:27  Hydralisk x2  
Tags
 
Add a new tag
Caveats
  • Supply blocks, unpowered buildings, or Contaminate may cause inaccurate times.
  • Supply counts are checked every 10 seconds.